[ AOE2 MATCH · #463736632 ]
UnrankedBohemians vs Persians
[ REPLAY ANALYSIS · EXTRACTED FROM THE RECORDED GAME ]
Feudal
—
Castle
—
Imperial
—
| APM avg | 5.5 |
| APM peak | 17 |
| eAPM avg | 4.5 |
| Villagers / military | 68 / 39 |
Focus
⚔️ 20.7% · 🌾 79.3%
Skirmisher ×14 · Hussite Wagon ×9 · Hand Cannoneer ×9 · Archer ×4 · Militia ×3
Feudal
12:17
Castle
20:54
Imperial
45:32
| APM avg | 19.8 |
| APM peak | 50 |
| eAPM avg | 13.7 |
| Villagers / military | 114 / 160 |
Focus
⚔️ 33.9% · 🌾 66.1%
Huskarl ×86 · Spearman ×69 · Monk ×5 · Trade Cart ×4
Feudal
11:25
Castle
21:48
Imperial
32:21
| APM avg | 17.1 |
| APM peak | 119 |
| eAPM avg | 14.5 |
| Villagers / military | 91 / 227 |
Focus
⚔️ 43.7% · 🌾 56.3%
Archer ×167 · War Elephant ×42 · Fishing Ship ×29 · Cavalry Archer ×15 · Trade Cart ×13 · Trebuchet (Packed) ×3
Feudal
—
Castle
—
Imperial
—
| APM avg | 2.2 |
| APM peak | 21 |
| eAPM avg | 1.1 |
| Villagers / military | 10 / 0 |
Focus
⚔️ 0.0% · 🌾 100.0%
Feudal
14:17
Castle
26:10
Imperial
38:40
| APM avg | 16.5 |
| APM peak | 52 |
| eAPM avg | 10.9 |
| Villagers / military | 132 / 194 |
Focus
⚔️ 30.2% · 🌾 69.8%
Militia ×143 · Scout Cavalry ×15 · Knight ×13 · Archer ×10 · Konnik ×10 · Trebuchet (Packed) ×2
Feudal
—
Castle
—
Imperial
—
| APM avg | 3.5 |
| APM peak | 40 |
| eAPM avg | 1.9 |
| Villagers / military | 13 / 0 |
Focus
⚔️ 28.3% · 🌾 71.7%
Feudal
9:09
Castle
21:16
Imperial
33:02
| APM avg | 7.5 |
| APM peak | 25 |
| eAPM avg | 6.0 |
| Villagers / military | 66 / 76 |
Focus
⚔️ 35.4% · 🌾 64.6%
Knight ×54 · Skirmisher ×20 · Trebuchet (Packed) ×2
Feudal
14:00
Castle
24:07
Imperial
37:28
| APM avg | 13.2 |
| APM peak | 34 |
| eAPM avg | 7.8 |
| Villagers / military | 75 / 57 |
Focus
⚔️ 25.5% · 🌾 74.5%
Teutonic Knight ×25 · Archer ×17 · Mangonel ×7 · Spearman ×3 · Militia ×2 · Trebuchet (Packed) ×2
Match map
Initial resources + every placement click. Lines = walls · curves = elevation contours. ◆ gold · ⬟ stone · ● berries · ✦ relic · ◌ wall gap
Your base· ✓ Closed at 24:45 · 15t walls · 1 gate(s)
Cyka l'énemie mes frères !'s base· ✓ Closed at 20:54 · 0t walls · no gate
Red Leader's base· ✓ Closed at 21:48 · 0t walls · no gate
Shirasoni's base· ✓ Closed at 12:00 · 0t walls · no gate
bjoern4tel's base· ✓ Closed at 26:10 · 13t walls · 1 gate(s)
AgusAlv's base· ✓ Closed at 12:00 · 23t walls · no gate
zaxolinchen's base· ✓ Closed at 21:16 · 0t walls · no gate
Big_Joe's base· ✓ Closed at 24:07 · 16t walls · 1 gate(s)
Smoothed initial terrain · ◌ = detected wall gap · hover for details
Inputs per minute
— Mickador13 - - Cyka l'énemie mes frères !
Build order — Mickador13
First 150 of 167 actions detected
| 0:04 | Research | Loom |
| 0:04 | Create | Villager (Male) |
| 0:05 | Create | Villager (Male) |
| 0:05 | Create | Villager (Male) |
| 0:05 | Create | Villager (Male) |
| 0:06 | Create | Villager (Male) |
| 0:59 | Build | Palisade Wall |
| 1:43 | Build | House |
| 1:45 | Build | House |
| 1:47 | Build | House |
| 2:22 | Build | Palisade Gate |
| 4:22 | Create | Villager (Male) |
| 5:06 | Create | Villager (Male) |
| 5:07 | Create | Villager (Male) |
| 5:07 | Create | Villager (Male) |
| 5:45 | Create | Villager (Male) |
| 5:45 | Create | Villager (Male) |
| 5:45 | Create | Villager (Male) |
| 7:26 | Create | Villager (Male) |
| 7:26 | Create | Villager (Male) |
| 7:27 | Create | Villager (Male) |
| 7:27 | Create | Villager (Male) |
| 7:27 | Create | Villager (Male) |
| 7:59 | Create | Villager (Male) |
| 7:59 | Create | Villager (Male) |
| 8:00 | Create | Villager (Male) |
| 8:36 | Build | Mill |
| 8:40 | Create | Villager (Male) |
| 8:41 | Create | Villager (Male) |
| 8:41 | Create | Villager (Male) |
| 9:46 | Create | Villager (Male) |
| 9:53 | Create | Villager (Male) |
| 10:03 | Build | House |
| 10:10 | Build | House |
| 10:13 | Build | House |
| 10:14 | Build | House |
| 10:16 | Build | House |
| 10:37 | Build | Barracks |
| 11:00 | Build | Lumber Camp |
| 11:17 | Create | Villager (Male) |
| 12:12 | Create | Villager (Male) |
| 12:13 | Create | Villager (Male) |
| 13:20 | Build | House |
| 13:25 | Build | House |
| 13:26 | Build | House |
| 13:28 | Build | House |
| 13:30 | Build | House |
| 13:39 | Build | House |
| 13:53 | Create | Militia ×2 |
| 13:54 | Create | Militia |
| 14:31 | Build | Farm |
| 14:33 | Build | Farm |
| 14:36 | Build | Farm |
| 14:37 | Build | Farm |
| 14:40 | Build | Farm |
| 14:44 | Build | Farm |
| 14:46 | Build | Farm |
| 14:51 | Build | Farm |
| 14:57 | Build | Farm |
| 14:59 | Build | Farm |
| 15:39 | Research | Feudal Age |
| 15:47 | Build | Farm |
| 15:50 | Build | Farm |
| 15:54 | Build | Farm |
| 17:35 | Build | House |
| 17:36 | Build | House |
| 17:48 | Build | House |
| 17:51 | Build | House |
| 17:56 | Build | House |
| 17:57 | Build | House |
| 17:58 | Build | House |
| 18:19 | Build | Blacksmith |
| 18:26 | Build | Market |
| 18:32 | Research | Double-Bit Axe |
| 18:36 | Research | Horse Collar |
| 18:53 | Build | House |
| 18:54 | Build | House |
| 18:57 | Build | House |
| 19:16 | Create | Villager (Male) |
| 19:16 | Create | Villager (Male) |
| 19:17 | Create | Villager (Male) |
| 19:17 | Create | Villager (Male) |
| 19:19 | Create | Villager (Male) |
| 19:19 | Create | Villager (Male) |
| 19:20 | Create | Villager (Male) |
| 19:20 | Create | Villager (Male) |
| 19:20 | Create | Villager (Male) |
| 19:23 | Create | Villager (Male) |
| 19:56 | Build | Mining Camp |
| 20:22 | Build | Mining Camp |
| 21:14 | Research | Fletching |
| 21:18 | Research | Padded Archer Armor |
| 21:31 | Build | Archery Range |
| 21:38 | Build | Archery Range |
| 22:06 | Build | House |
| 22:14 | Build | House |
| 22:24 | Build | House |
| 22:28 | Build | House |
| 22:49 | Create | Archer ×4 |
| 23:16 | Build | House |
| 23:20 | Build | House |
| 23:35 | Build | House |
| 23:45 | Build | House |
| 23:46 | Build | House |
| 24:06 | Build | Watch Tower |
| 24:45 | Research | Castle Age |
| 25:14 | Build | Watch Tower |
| 25:58 | Create | Villager (Male) |
| 25:58 | Create | Villager (Male) |
| 25:58 | Create | Villager (Male) |
| 25:58 | Create | Villager (Male) |
| 25:59 | Create | Villager (Male) |
| 26:29 | Build | House |
| 26:31 | Build | House |
| 27:22 | Build | Archery Range |
| 27:44 | Build | Archery Range |
| 27:46 | Build | Archery Range |
| 27:53 | Build | Farm |
| 28:02 | Create | Villager (Male) ×7 |
| 28:03 | Create | Villager (Male) |
| 29:17 | Build | Lumber Camp |
| 29:46 | Create | Hand Cannoneer ×7 |
| 29:46 | Create | Hand Cannoneer |
| 29:50 | Create | Hand Cannoneer |
| 30:03 | Research | Leather Archer Armor |
| 30:04 | Research | Bodkin Arrow |
| 30:53 | Build | Farm |
| 31:30 | Research | Elite Skirmisher (upgrade) |
| 31:34 | Create | Skirmisher |
| 31:34 | Create | Skirmisher |
| 31:40 | Create | Villager (Male) |
| 31:40 | Create | Villager (Male) |
| 31:41 | Create | Villager (Male) |
| 31:41 | Create | Villager (Male) |
| 31:41 | Create | Villager (Male) |
| 31:41 | Create | Villager (Male) |
| 31:42 | Create | Villager (Male) |
| 31:42 | Create | Villager (Male) |
| 32:40 | Build | Castle |
| 33:00 | Create | Skirmisher ×11 |
| 33:00 | Create | Skirmisher |
| 33:47 | Research | Bow Saw |
| 34:55 | Create | Hussite Wagon ×4 |
| 34:55 | Create | Hussite Wagon |
| 35:18 | Build | Stone Wall |
| 35:27 | Build | Stone Wall |
| 35:46 | Build | Watch Tower |
| 37:17 | Build | Watch Tower |
| 38:27 | Build | Watch Tower |
| 38:41 | Research | Imperial Age |
Build order — Cyka l'énemie mes frères !
First 150 of 241 actions detected
| 0:01 | Create | Villager (Male) |
| 0:01 | Create | Villager (Male) |
| 0:03 | Build | House |
| 0:05 | Build | House |
| 0:32 | Create | Villager (Male) |
| 2:07 | Create | Villager (Male) |
| 2:08 | Create | Villager (Male) |
| 2:08 | Create | Villager (Male) |
| 2:44 | Create | Villager (Male) |
| 3:59 | Create | Villager (Male) |
| 3:59 | Create | Villager (Male) |
| 4:00 | Create | Villager (Male) |
| 4:00 | Create | Villager (Male) |
| 4:34 | Build | Mill |
| 5:20 | Create | Villager (Male) |
| 5:34 | Build | House |
| 5:41 | Build | House |
| 5:44 | Create | Villager (Male) |
| 5:44 | Create | Villager (Male) |
| 5:45 | Create | Villager (Male) |
| 6:26 | Build | Lumber Camp |
| 7:07 | Create | Villager (Male) |
| 7:58 | Create | Villager (Male) |
| 8:28 | Create | Villager (Male) |
| 8:53 | Create | Villager (Male) |
| 9:27 | Create | Villager (Male) |
| 10:07 | Research | Feudal Age |
| 10:13 | Build | Farm |
| 10:14 | Build | Farm |
| 10:14 | Build | Farm |
| 10:15 | Build | Farm |
| 10:16 | Build | Farm |
| 10:17 | Build | Farm |
| 10:22 | Build | Farm |
| 10:50 | Build | Mining Camp |
| 10:53 | Build | House |
| 10:55 | Build | House |
| 10:58 | Build | House |
| 11:00 | Build | House |
| 11:14 | Build | House |
| 12:17 | Age | Feudal Age |
| 12:31 | Build | House |
| 13:02 | Create | Villager (Male) |
| 13:04 | Research | Wheelbarrow |
| 13:11 | Build | Barracks |
| 13:40 | Research | Double-Bit Axe |
| 13:41 | Research | Horse Collar |
| 13:49 | Create | Spearman |
| 13:58 | Create | Spearman |
| 15:02 | Create | Villager (Male) |
| 15:04 | Create | Villager (Male) |
| 15:04 | Create | Villager (Male) |
| 15:05 | Create | Villager (Male) |
| 15:27 | Build | Market |
| 15:55 | Build | Blacksmith |
| 16:13 | Create | Spearman |
| 16:14 | Create | Spearman |
| 16:16 | Create | Spearman |
| 16:57 | Build | Mining Camp |
| 17:39 | Create | Spearman |
| 17:49 | Create | Villager (Male) |
| 18:13 | Research | Castle Age |
| 18:54 | Research | Gold Mining |
| 19:04 | Build | Farm |
| 19:25 | Research | Stone Mining |
| 20:16 | Build | Mill |
| 20:54 | Age | Castle Age |
| 21:13 | Build | Town Center |
| 21:34 | Build | Castle |
| 21:52 | Create | Villager (Male) ×5 |
| 21:57 | Research | Hand Cart |
| 23:10 | Research | Pikeman (upgrade) |
| 23:13 | Build | Farm |
| 23:27 | Build | Farm |
| 23:55 | Create | Villager (Male) |
| 24:01 | Build | Farm |
| 24:06 | Create | Villager (Male) |
| 24:10 | Create | Villager (Male) |
| 24:41 | Build | Mining Camp |
| 24:50 | Create | Villager (Male) |
| 25:10 | Create | Villager (Male) |
| 25:50 | Build | Palisade Wall |
| 25:56 | Build | Palisade Gate |
| 26:15 | Create | Villager (Male) ×5 |
| 26:16 | Create | Villager (Male) ×5 |
| 27:04 | Create | Villager (Male) ×5 |
| 27:08 | Build | Farm |
| 27:17 | Build | Barracks |
| 27:22 | Build | Barracks |
| 27:26 | Build | Barracks |
| 27:29 | Build | Barracks |
| 28:04 | Build | Mill |
| 28:06 | Build | Farm |
| 28:07 | Build | Farm |
| 28:07 | Build | Farm |
| 28:13 | Build | Farm |
| 28:28 | Research | Anarchy |
| 28:43 | Build | Lumber Camp |
| 28:46 | Build | Lumber Camp |
| 29:05 | Create | Villager (Male) ×5 |
| 29:44 | Create | Villager (Male) |
| 29:56 | Create | Villager (Male) ×5 |
| 29:59 | Build | Town Center |
| 30:14 | Research | Heavy Plow |
| 30:14 | Research | Bow Saw |
| 31:01 | Create | Villager (Male) ×5 |
| 31:11 | Build | Farm |
| 31:57 | Build | Farm |
| 31:59 | Create | Villager (Male) ×5 |
| 32:00 | Create | Villager (Male) ×5 |
| 32:08 | Build | Mill |
| 32:10 | Build | Farm |
| 32:10 | Build | Farm |
| 32:11 | Build | Farm |
| 32:12 | Build | Farm |
| 32:15 | Build | Farm |
| 32:22 | Build | Farm |
| 32:22 | Build | Farm |
| 32:27 | Build | Farm |
| 32:29 | Build | Farm |
| 32:35 | Build | Farm |
| 33:01 | Create | Huskarl |
| 33:01 | Create | Huskarl |
| 33:02 | Create | Huskarl |
| 33:02 | Create | Huskarl |
| 33:09 | Research | Forging |
| 33:09 | Research | Scale Mail Armor |
| 33:30 | Create | Huskarl ×5 |
| 33:30 | Create | Huskarl ×5 |
| 33:30 | Create | Huskarl ×5 |
| 33:31 | Create | Huskarl ×3 |
| 34:04 | Create | Villager (Male) ×4 |
| 35:10 | Research | Squires |
| 35:20 | Create | Spearman ×5 |
| 35:20 | Create | Spearman ×5 |
| 35:21 | Create | Spearman ×5 |
| 35:39 | Create | Villager (Male) |
| 35:40 | Create | Villager (Male) |
| 36:16 | Create | Spearman |
| 36:16 | Create | Spearman |
| 36:16 | Create | Spearman |
| 36:32 | Build | Palisade Gate |
| 36:39 | Build | House |
| 36:49 | Build | Mill |
| 36:51 | Build | Farm |
| 36:52 | Build | Farm |
| 36:52 | Build | Farm |
| 36:53 | Build | Farm |
| 36:54 | Build | Farm |
| 36:59 | Create | Villager (Male) ×2 |
Build order — Red Leader
First 150 of 552 actions detected
| 0:03 | Build | House |
| 0:05 | Build | House |
| 0:07 | Create | Villager (Male) |
| 0:07 | Create | Villager (Male) |
| 0:08 | Create | Villager (Male) |
| 0:08 | Create | Villager (Male) |
| 0:08 | Create | Villager (Male) |
| 0:08 | Create | Villager (Male) |
| 1:34 | Create | Villager (Male) |
| 1:34 | Create | Villager (Male) |
| 1:35 | Research | Loom |
| 2:39 | Build | Lumber Camp |
| 2:59 | Create | Villager (Male) |
| 2:59 | Create | Villager (Male) |
| 2:59 | Create | Villager (Male) |
| 3:40 | Create | Villager (Male) |
| 3:51 | Build | House |
| 4:29 | Create | Villager (Male) |
| 5:25 | Create | Villager (Male) |
| 5:25 | Create | Villager (Male) |
| 6:17 | Build | Dock |
| 6:25 | Build | House |
| 6:29 | Build | House |
| 6:39 | Build | Mill |
| 7:02 | Create | Fishing Ship |
| 7:03 | Create | Fishing Ship |
| 9:21 | Research | Feudal Age |
| 9:45 | Create | Fishing Ship |
| 10:23 | Build | Mining Camp |
| 11:02 | Create | Villager (Male) |
| 11:02 | Create | Villager (Male) |
| 11:02 | Create | Villager (Male) |
| 11:03 | Create | Villager (Male) |
| 11:21 | Build | Mining Camp |
| 11:25 | Age | Feudal Age |
| 11:30 | Research | Horse Collar |
| 11:36 | Research | Double-Bit Axe |
| 11:42 | Create | Fishing Ship |
| 11:52 | Research | Wheelbarrow |
| 12:06 | Create | Villager (Male) |
| 12:07 | Create | Villager (Male) |
| 12:17 | Build | House |
| 12:28 | Create | Fishing Ship |
| 12:50 | Build | House |
| 12:57 | Build | Market |
| 13:00 | Build | Blacksmith |
| 13:21 | Build | Fish Trap |
| 13:37 | Build | Fish Trap |
| 14:18 | Create | Fishing Ship |
| 14:25 | Research | Tech 906 |
| 14:42 | Build | Fish Trap |
| 15:10 | Build | Fish Trap |
| 15:27 | Create | Villager (Male) |
| 15:27 | Create | Villager (Male) |
| 15:28 | Create | Villager (Male) |
| 15:46 | Build | Fish Trap |
| 16:00 | Build | Fish Trap |
| 16:26 | Build | Dock |
| 16:44 | Build | House |
| 16:56 | Build | Lumber Camp |
| 17:04 | Create | Villager (Male) |
| 17:04 | Create | Villager (Male) |
| 17:04 | Create | Villager (Male) |
| 17:04 | Create | Villager (Male) |
| 17:27 | Create | Fishing Ship |
| 17:27 | Create | Fishing Ship |
| 18:09 | Build | Fish Trap |
| 18:15 | Create | Fishing Ship |
| 18:20 | Create | Villager (Male) |
| 18:20 | Create | Villager (Male) |
| 18:33 | Build | House |
| 18:34 | Build | House |
| 18:49 | Build | Fish Trap |
| 19:23 | Research | Castle Age |
| 19:27 | Build | Fish Trap |
| 19:29 | Create | Fishing Ship |
| 19:41 | Build | Farm |
| 19:41 | Build | Farm |
| 19:41 | Build | Farm |
| 19:42 | Build | Farm |
| 19:42 | Build | Farm |
| 19:42 | Build | Farm |
| 20:02 | Create | Fishing Ship |
| 20:11 | Build | Fish Trap |
| 20:38 | Research | Stone Mining |
| 20:47 | Build | Fish Trap |
| 21:15 | Build | Mining Camp |
| 21:48 | Age | Castle Age |
| 21:56 | Build | Town Center |
| 22:10 | Build | Town Center |
| 23:18 | Research | Heavy Plow |
| 23:27 | Research | Bow Saw |
| 23:32 | Research | Forging |
| 23:40 | Create | Fishing Ship |
| 23:41 | Research | Gillnets |
| 23:46 | Create | Fishing Ship |
| 23:59 | Research | Hand Cart |
| 24:00 | Create | Villager (Male) |
| 24:00 | Create | Villager (Male) |
| 24:00 | Create | Villager (Male) |
| 24:00 | Create | Villager (Male) |
| 24:22 | Build | Fish Trap |
| 24:26 | Build | Fish Trap |
| 25:21 | Create | Villager (Male) |
| 25:21 | Create | Villager (Male) |
| 25:21 | Create | Villager (Male) |
| 25:22 | Create | Villager (Male) |
| 25:26 | Create | Villager (Male) |
| 25:27 | Create | Villager (Male) |
| 25:27 | Create | Villager (Male) |
| 25:27 | Create | Villager (Male) |
| 25:27 | Create | Villager (Male) |
| 25:32 | Research | Gold Mining |
| 25:33 | Research | Stone Shaft Mining |
| 25:40 | Build | Monastery |
| 25:45 | Build | University |
| 25:51 | Build | House |
| 25:52 | Build | House |
| 25:53 | Build | House |
| 25:53 | Build | House |
| 25:54 | Build | House |
| 26:07 | Create | Villager (Male) |
| 26:07 | Create | Villager (Male) |
| 26:10 | Create | Villager (Male) |
| 26:10 | Create | Villager (Male) |
| 26:13 | Create | Villager (Male) |
| 26:13 | Create | Villager (Male) |
| 26:13 | Create | Villager (Male) |
| 27:12 | Build | Town Center |
| 27:51 | Build | House |
| 27:52 | Build | House |
| 27:53 | Build | House |
| 27:54 | Build | House |
| 27:55 | Build | House |
| 27:56 | Build | House |
| 28:05 | Create | Villager (Male) |
| 28:05 | Create | Villager (Male) |
| 28:10 | Create | Villager (Male) |
| 28:10 | Create | Villager (Male) |
| 28:16 | Create | Villager (Male) |
| 28:16 | Create | Villager (Male) |
| 28:20 | Create | Villager (Male) |
| 28:21 | Create | Villager (Male) |
| 28:21 | Create | Villager (Male) |
| 28:21 | Create | Villager (Male) |
| 28:21 | Create | Villager (Male) |
| 28:21 | Create | Villager (Male) |
| 28:43 | Build | Castle |
| 29:36 | Research | Imperial Age |
| 30:21 | Build | Barracks |
Build order — Shirasoni
15 actions detected in the replay
| 0:02 | Create | Villager (Male) |
| 0:20 | Build | House |
| 0:23 | Build | House |
| 0:27 | Research | Loom |
| 0:29 | Create | Villager (Male) |
| 0:32 | Create | Villager (Male) |
| 0:44 | Create | Villager (Male) |
| 2:13 | Create | Villager (Male) |
| 2:51 | Create | Villager (Male) |
| 3:21 | Create | Villager (Male) |
| 4:19 | Build | Mining Camp |
| 4:22 | Create | Villager (Male) |
| 5:07 | Build | Mining Camp |
| 5:26 | Create | Villager (Male) |
| 5:27 | Create | Villager (Male) |
Build order — bjoern4tel
First 150 of 338 actions detected
| 0:05 | Build | House |
| 0:08 | Build | House |
| 0:38 | Create | Villager (Male) |
| 0:38 | Create | Villager (Male) |
| 0:39 | Create | Villager (Male) |
| 0:40 | Create | Villager (Male) |
| 2:03 | Create | Villager (Male) |
| 2:03 | Create | Villager (Male) |
| 2:41 | Create | Villager (Male) |
| 2:42 | Create | Villager (Male) |
| 3:01 | Build | Lumber Camp |
| 3:16 | Create | Villager (Male) |
| 3:17 | Create | Villager (Male) |
| 3:41 | Build | House |
| 3:46 | Create | Villager (Male) |
| 3:46 | Create | Villager (Male) |
| 3:46 | Create | Villager (Male) |
| 4:45 | Build | House |
| 5:01 | Create | Villager (Male) |
| 5:01 | Create | Villager (Male) |
| 5:23 | Create | Villager (Male) |
| 5:23 | Create | Villager (Male) |
| 5:50 | Build | House |
| 6:00 | Build | House |
| 6:07 | Build | Palisade Wall |
| 6:14 | Create | Villager (Male) |
| 6:15 | Create | Villager (Male) |
| 6:59 | Build | Mill |
| 7:29 | Create | Villager (Male) |
| 7:30 | Create | Villager (Male) |
| 7:30 | Create | Villager (Male) |
| 7:56 | Create | Villager (Male) |
| 7:56 | Create | Villager (Male) |
| 8:19 | Create | Villager (Male) |
| 8:19 | Create | Villager (Male) |
| 8:30 | Build | Palisade Wall |
| 8:43 | Build | House |
| 8:59 | Create | Villager (Male) |
| 9:45 | Build | Mining Camp |
| 9:53 | Create | Villager (Male) |
| 10:23 | Build | Palisade Wall |
| 10:36 | Build | House |
| 10:40 | Create | Villager (Male) |
| 10:40 | Create | Villager (Male) |
| 10:40 | Create | Villager (Male) |
| 11:44 | Build | Lumber Camp |
| 11:48 | Build | Farm |
| 11:52 | Build | Farm |
| 11:54 | Build | Farm |
| 11:57 | Create | Villager (Male) |
| 11:58 | Create | Villager (Male) |
| 12:07 | Research | Feudal Age |
| 12:07 | Research | Feudal Age |
| 12:41 | Build | Barracks |
| 12:46 | Create | Villager (Male) |
| 12:58 | Build | Farm |
| 13:00 | Create | Villager (Male) |
| 14:17 | Age | Feudal Age |
| 14:24 | Build | Blacksmith |
| 14:26 | Create | Villager (Male) |
| 14:51 | Build | Stable |
| 14:59 | Create | Villager (Male) |
| 15:04 | Build | Farm |
| 15:06 | Create | Villager (Male) |
| 15:06 | Create | Villager (Male) |
| 15:12 | Research | Double-Bit Axe |
| 15:17 | Research | Horse Collar |
| 15:30 | Build | House |
| 15:31 | Build | House |
| 15:34 | Build | House |
| 15:43 | Build | Watch Tower |
| 16:05 | Build | House |
| 16:09 | Create | Villager (Male) |
| 16:13 | Build | Farm |
| 16:15 | Create | Villager (Male) |
| 16:15 | Create | Villager (Male) |
| 16:19 | Build | Farm |
| 16:21 | Create | Villager (Male) |
| 16:21 | Create | Villager (Male) |
| 16:42 | Build | Archery Range |
| 17:07 | Create | Villager (Male) |
| 17:10 | Build | Farm |
| 17:21 | Create | Villager (Male) |
| 17:25 | Build | Farm |
| 17:29 | Build | Farm |
| 17:29 | Build | Farm |
| 17:29 | Build | Farm |
| 17:29 | Build | Farm |
| 17:30 | Build | Farm |
| 17:58 | Build | Mining Camp |
| 18:01 | Create | Villager (Male) |
| 18:08 | Build | Farm |
| 18:15 | Create | Villager (Male) |
| 18:22 | Build | Farm |
| 18:40 | Build | Farm |
| 18:47 | Create | Scout Cavalry |
| 18:47 | Create | Scout Cavalry |
| 18:59 | Research | Bloodlines |
| 19:07 | Build | Lumber Camp |
| 19:13 | Create | Villager (Male) |
| 19:17 | Build | Farm |
| 19:20 | Build | Farm |
| 19:24 | Build | Farm |
| 19:28 | Create | Villager (Male) |
| 19:29 | Create | Villager (Male) |
| 19:35 | Build | Farm |
| 19:57 | Create | Scout Cavalry |
| 20:08 | Create | Villager (Male) |
| 20:08 | Create | Villager (Male) |
| 20:29 | Build | Market |
| 21:03 | Create | Archer ×5 |
| 21:03 | Create | Archer ×5 |
| 21:22 | Create | Villager (Male) |
| 21:27 | Build | Farm |
| 21:53 | Create | Militia |
| 21:54 | Create | Militia |
| 21:54 | Create | Militia |
| 21:54 | Create | Militia |
| 21:55 | Create | Militia |
| 21:55 | Create | Militia |
| 21:55 | Create | Militia |
| 22:47 | Create | Villager (Male) |
| 23:11 | Build | Gate |
| 23:30 | Research | Castle Age |
| 24:13 | Build | Barracks |
| 24:14 | Build | Barracks |
| 24:16 | Build | Barracks |
| 24:17 | Build | Barracks |
| 24:38 | Create | Villager (Male) |
| 24:38 | Create | Villager (Male) |
| 24:39 | Create | Villager (Male) |
| 25:40 | Create | Militia |
| 25:41 | Create | Militia |
| 25:41 | Create | Militia |
| 25:42 | Create | Militia |
| 25:42 | Create | Militia |
| 25:42 | Create | Militia |
| 26:10 | Age | Castle Age |
| 26:25 | Create | Villager (Male) |
| 26:26 | Create | Villager (Male) |
| 26:44 | Build | Krepost |
| 27:15 | Research | Gambesons |
| 27:22 | Create | Villager (Male) |
| 27:31 | Build | Town Center |
| 27:38 | Create | Villager (Male) |
| 27:38 | Create | Villager (Male) |
| 27:38 | Create | Villager (Male) |
| 27:53 | Build | Town Center |
| 28:21 | Create | Villager (Male) |
| 28:26 | Create | Villager (Male) |
Build order — AgusAlv
20 actions detected in the replay
| 0:00 | Create | Villager (Male) |
| 0:01 | Create | Villager (Male) |
| 0:01 | Create | Villager (Male) |
| 0:01 | Create | Villager (Male) |
| 0:02 | Build | House |
| 0:04 | Build | House |
| 0:31 | Research | Loom |
| 0:32 | Create | Villager (Male) |
| 0:32 | Create | Villager (Male) |
| 0:33 | Create | Villager (Male) |
| 0:33 | Create | Villager (Male) |
| 1:21 | Build | Palisade Wall |
| 2:53 | Build | House |
| 3:12 | Build | Palisade Wall |
| 4:09 | Build | House |
| 4:22 | Create | Villager (Male) |
| 4:22 | Create | Villager (Male) |
| 4:23 | Create | Villager (Male) |
| 5:06 | Create | Villager (Male) |
| 5:06 | Create | Villager (Male) |
Build order — zaxolinchen
First 150 of 225 actions detected
| 0:02 | Create | Villager (Male) |
| 0:02 | Create | Villager (Male) |
| 0:02 | Create | Villager (Male) |
| 0:03 | Create | Villager (Male) |
| 0:13 | Build | House |
| 0:29 | Build | House |
| 1:34 | Build | Mill |
| 1:48 | Create | Villager (Male) |
| 2:28 | Create | Villager (Male) |
| 3:31 | Create | Villager (Male) |
| 4:10 | Create | Villager (Male) |
| 4:11 | Create | Villager (Male) |
| 4:20 | Create | Villager (Male) |
| 4:31 | Create | Villager (Male) |
| 6:02 | Build | Lumber Camp |
| 6:59 | Research | Feudal Age |
| 8:02 | Create | Villager (Male) |
| 8:02 | Create | Villager (Male) |
| 8:03 | Create | Villager (Male) |
| 8:31 | Build | House |
| 8:37 | Build | House |
| 8:55 | Create | Villager (Male) |
| 9:09 | Age | Feudal Age |
| 9:12 | Create | Villager (Male) |
| 9:28 | Build | Farm |
| 9:59 | Build | Farm |
| 10:36 | Build | Farm |
| 10:51 | Create | Villager (Male) |
| 10:58 | Build | Farm |
| 11:18 | Build | Farm |
| 11:31 | Build | Farm |
| 11:51 | Research | Double-Bit Axe |
| 11:57 | Create | Villager (Male) |
| 12:06 | Build | House |
| 12:12 | Build | House |
| 12:14 | Build | House |
| 12:18 | Create | Villager (Male) |
| 12:38 | Build | Mining Camp |
| 12:45 | Create | Villager (Male) |
| 13:16 | Build | Barracks |
| 13:38 | Create | Villager (Male) |
| 13:47 | Create | Villager (Male) |
| 14:09 | Build | Blacksmith |
| 14:17 | Build | Farm |
| 14:23 | Create | Villager (Male) |
| 14:26 | Create | Villager (Male) |
| 14:27 | Create | Villager (Male) |
| 14:39 | Build | Farm |
| 14:58 | Build | Archery Range |
| 15:10 | Build | Farm |
| 15:12 | Create | Villager (Male) |
| 15:28 | Create | Villager (Male) |
| 15:29 | Create | Villager (Male) |
| 15:46 | Build | Stable |
| 16:03 | Build | Mining Camp |
| 16:17 | Build | Farm |
| 16:54 | Build | Farm |
| 17:02 | Build | Farm |
| 17:21 | Build | Stable |
| 17:30 | Build | Farm |
| 17:53 | Build | Farm |
| 18:30 | Build | Archery Range |
| 18:36 | Research | Castle Age |
| 18:59 | Research | Stone Mining |
| 19:17 | Create | Villager (Male) |
| 19:19 | Create | Villager (Male) |
| 19:49 | Create | Villager (Male) |
| 19:55 | Research | Fletching |
| 20:07 | Build | Farm |
| 21:16 | Age | Castle Age |
| 21:22 | Build | Town Center |
| 21:28 | Create | Villager (Male) |
| 21:50 | Create | Villager (Male) |
| 21:58 | Research | Bodkin Arrow |
| 22:00 | Research | Scale Barding Armor |
| 22:05 | Create | Villager (Male) |
| 22:17 | Build | Farm |
| 22:45 | Create | Knight |
| 22:46 | Create | Knight |
| 22:56 | Create | Villager (Male) |
| 23:11 | Build | House |
| 23:17 | Build | House |
| 23:18 | Build | House |
| 23:20 | Build | House |
| 23:24 | Build | House |
| 23:27 | Build | House |
| 23:37 | Build | Farm |
| 23:39 | Create | Villager (Male) |
| 23:39 | Create | Villager (Male) |
| 23:40 | Create | Villager (Male) |
| 23:40 | Create | Villager (Male) |
| 23:47 | Research | Chain Barding Armor |
| 23:52 | Create | Knight |
| 23:53 | Create | Knight |
| 24:18 | Build | Castle |
| 24:33 | Build | Farm |
| 24:52 | Build | Farm |
| 24:58 | Create | Villager (Male) |
| 24:59 | Create | Villager (Male) |
| 25:32 | Build | Farm |
| 25:46 | Create | Villager (Male) |
| 26:34 | Build | Lumber Camp |
| 26:39 | Create | Villager (Male) |
| 26:40 | Create | Villager (Male) |
| 26:41 | Create | Villager (Male) |
| 26:41 | Create | Villager (Male) |
| 26:47 | Create | Villager (Male) |
| 26:47 | Create | Villager (Male) |
| 26:48 | Create | Villager (Male) |
| 27:07 | Create | Knight |
| 27:07 | Create | Knight |
| 27:08 | Create | Knight |
| 27:09 | Create | Knight |
| 27:32 | Build | Farm |
| 27:48 | Build | Farm |
| 27:59 | Create | Villager (Male) |
| 27:59 | Create | Villager (Male) |
| 28:00 | Create | Villager (Male) |
| 29:53 | Research | Imperial Age |
| 29:59 | Create | Villager (Male) |
| 29:59 | Create | Villager (Male) |
| 30:05 | Create | Villager (Male) |
| 31:43 | Create | Villager (Male) |
| 31:43 | Create | Villager (Male) |
| 31:44 | Create | Villager (Male) |
| 31:50 | Research | Forging |
| 31:53 | Create | Knight |
| 31:54 | Create | Knight |
| 31:54 | Create | Knight |
| 31:55 | Create | Knight |
| 31:56 | Create | Knight |
| 31:56 | Create | Knight |
| 31:56 | Create | Knight |
| 32:01 | Create | Skirmisher |
| 32:01 | Create | Skirmisher |
| 32:06 | Create | Skirmisher |
| 33:02 | Age | Imperial Age |
| 35:13 | Build | Castle |
| 38:29 | Create | Villager (Male) |
| 38:29 | Create | Villager (Male) |
| 38:30 | Create | Villager (Male) |
| 38:30 | Create | Villager (Male) |
| 38:32 | Create | Villager (Male) |
| 38:33 | Create | Villager (Male) |
| 38:33 | Create | Villager (Male) |
| 38:34 | Create | Villager (Male) |
| 38:41 | Research | Cavalier (upgrade) |
| 38:43 | Create | Knight |
| 38:43 | Create | Knight |
| 38:43 | Create | Knight |
Build order — Big_Joe
First 150 of 180 actions detected
| 0:04 | Build | House |
| 0:06 | Create | Villager (Male) ×4 |
| 0:07 | Build | House |
| 1:46 | Create | Villager (Male) |
| 3:10 | Create | Villager (Male) |
| 3:11 | Create | Villager (Male) |
| 3:59 | Create | Villager (Male) |
| 4:33 | Build | House |
| 4:42 | Create | Villager (Male) |
| 4:43 | Create | Villager (Male) |
| 5:13 | Create | Villager (Male) |
| 5:30 | Build | Palisade Wall |
| 5:36 | Build | Mill |
| 5:55 | Create | Villager (Male) |
| 6:01 | Build | House |
| 6:11 | Create | Villager (Male) |
| 6:19 | Build | Mill |
| 6:35 | Build | House |
| 7:19 | Build | Lumber Camp |
| 7:45 | Create | Villager (Male) ×2 |
| 9:22 | Create | Villager (Male) |
| 9:22 | Create | Villager (Male) |
| 9:47 | Build | Barracks |
| 10:44 | Build | Mining Camp |
| 11:50 | Research | Feudal Age |
| 12:17 | Create | Villager (Male) ×4 |
| 13:24 | Create | Militia |
| 13:25 | Create | Militia |
| 13:35 | Build | Palisade Wall |
| 14:00 | Age | Feudal Age |
| 14:06 | Build | Archery Range |
| 14:07 | Build | Archery Range |
| 14:17 | Create | Spearman ×3 |
| 14:47 | Research | Double-Bit Axe |
| 15:08 | Build | Lumber Camp |
| 15:22 | Create | Archer |
| 15:22 | Create | Archer |
| 15:31 | Build | House |
| 15:32 | Build | House |
| 15:34 | Build | House |
| 15:36 | Build | House |
| 15:52 | Build | House |
| 16:26 | Build | Farm |
| 16:33 | Build | Farm |
| 16:33 | Build | Farm |
| 16:33 | Build | Farm |
| 16:37 | Create | Villager (Male) ×5 |
| 16:42 | Research | Wheelbarrow |
| 17:17 | Build | Farm |
| 17:17 | Build | Farm |
| 17:17 | Build | Farm |
| 17:18 | Build | Farm |
| 17:23 | Create | Villager (Male) ×3 |
| 17:31 | Build | Farm |
| 18:07 | Build | Blacksmith |
| 18:33 | Research | Horse Collar |
| 18:43 | Create | Villager (Male) |
| 18:54 | Build | Farm |
| 19:04 | Create | Archer |
| 19:06 | Create | Archer |
| 19:06 | Create | Archer |
| 19:16 | Build | Farm |
| 19:22 | Research | Padded Archer Armor |
| 19:37 | Build | Farm |
| 20:05 | Build | Farm |
| 20:10 | Create | Villager (Male) |
| 20:41 | Build | Farm |
| 20:41 | Build | Farm |
| 20:42 | Build | Farm |
| 21:01 | Build | Palisade Gate |
| 21:09 | Create | Archer |
| 21:10 | Create | Archer |
| 21:10 | Create | Archer |
| 21:15 | Build | Farm |
| 21:27 | Research | Castle Age |
| 22:24 | Build | Mining Camp |
| 23:15 | Create | Archer |
| 23:15 | Create | Archer |
| 23:18 | Create | Archer |
| 24:07 | Age | Castle Age |
| 25:13 | Create | Villager (Male) ×5 |
| 25:21 | Build | Town Center |
| 25:51 | Create | Villager (Male) ×5 |
| 25:59 | Build | Mining Camp |
| 26:02 | Research | Bow Saw |
| 26:04 | Research | Heavy Plow |
| 26:10 | Research | Leather Archer Armor |
| 26:12 | Research | Forging |
| 26:39 | Research | Hand Cart |
| 26:41 | Create | Villager (Male) |
| 26:41 | Create | Villager (Male) |
| 26:41 | Create | Villager (Male) |
| 26:49 | Research | Stone Mining |
| 26:54 | Research | Gold Mining |
| 27:06 | Create | Archer |
| 27:10 | Research | Crossbowman (upgrade) |
| 28:06 | Build | House |
| 28:08 | Build | House |
| 28:10 | Build | House |
| 28:28 | Research | Iron Casting |
| 28:30 | Research | Fletching |
| 28:38 | Build | House |
| 28:47 | Research | Loom |
| 28:50 | Research | Town Watch |
| 29:02 | Build | Monastery |
| 29:24 | Create | Villager (Male) ×5 |
| 29:29 | Create | Villager (Male) |
| 30:04 | Create | Monk |
| 30:49 | Build | House |
| 30:50 | Build | House |
| 30:52 | Build | House |
| 30:53 | Build | House |
| 30:54 | Build | House |
| 31:17 | Build | Mining Camp |
| 32:50 | Research | Stone Shaft Mining |
| 33:08 | Build | Castle |
| 33:38 | Build | University |
| 34:09 | Research | Ballistics |
| 34:18 | Research | Imperial Age |
| 34:29 | Build | Siege Workshop |
| 34:30 | Build | Siege Workshop |
| 34:46 | Create | Villager (Male) ×5 |
| 35:39 | Build | Lumber Camp |
| 36:13 | Build | House |
| 36:14 | Build | House |
| 36:14 | Build | House |
| 36:16 | Build | House |
| 36:16 | Build | House |
| 36:17 | Build | House |
| 36:19 | Build | House |
| 36:19 | Build | House |
| 36:20 | Build | House |
| 37:03 | Research | Bodkin Arrow |
| 37:28 | Age | Imperial Age |
| 37:44 | Create | Villager (Male) ×5 |
| 37:49 | Create | Villager (Male) ×5 |
| 38:18 | Build | Archery Range |
| 38:19 | Build | Archery Range |
| 38:23 | Create | Teutonic Knight ×5 |
| 38:30 | Build | Farm |
| 38:37 | Build | Farm |
| 38:44 | Build | Farm |
| 38:44 | Build | Farm |
| 39:02 | Create | Mangonel |
| 39:02 | Create | Mangonel |
| 39:06 | Create | Mangonel ×5 |
| 39:19 | Build | Farm |
| 39:49 | Create | Archer ×5 |
| 40:11 | Build | Farm |
| 40:12 | Build | Farm |
Match timeline
| 0:59 | Mickador13 · wall_segment Palisade Wall x15 |
| 1:21 | AgusAlv · wall_segment Palisade Wall x12 |
| 3:12 | AgusAlv · wall_segment Palisade Wall x11 |
| 5:30 | Big_Joe · wall_segment Palisade Wall x16 |
| 6:03 | AgusAlv · resign |
| 6:07 | bjoern4tel · wall_segment Palisade Wall x4 |
| 6:17 | Red Leader · first_building Dock |
| 8:30 | bjoern4tel · wall_segment Palisade Wall x9 |
| 9:09 | zaxolinchen · age_up feudal |
| 9:47 | Big_Joe · first_building Barracks |
| 10:23 | bjoern4tel · wall_segment Palisade Wall x1 |
| 10:37 | Mickador13 · first_building Barracks |
| 11:25 | Red Leader · age_up feudal |
| 12:17 | Cyka l'énemie mes frères ! · age_up feudal |
| 12:41 | bjoern4tel · first_building Barracks |
| 13:11 | Cyka l'énemie mes frères ! · first_building Barracks |
| 13:16 | zaxolinchen · first_building Barracks |
| 13:35 | Big_Joe · wall_segment Palisade Wall x1 |
| 14:00 | Big_Joe · age_up feudal |
| 14:06 | Big_Joe · first_building Archery Range |
| 14:17 | bjoern4tel · age_up feudal |
| 14:51 | bjoern4tel · first_building Stable |
| 14:58 | zaxolinchen · first_building Archery Range |
| 15:46 | zaxolinchen · first_building Stable |
| 16:42 | bjoern4tel · first_building Archery Range |
| 18:04 | Cyka l'énemie mes frères ! · first_market_buy 100 food |
| 20:54 | Cyka l'énemie mes frères ! · age_up castle |
| 21:16 | zaxolinchen · age_up castle |
| 21:24 | Cyka l'énemie mes frères ! · first_market_sell 100 wood |
| 21:31 | Mickador13 · first_building Archery Range |
| 21:34 | Cyka l'énemie mes frères ! · first_building Castle |
| 21:48 | Red Leader · age_up castle |
| 23:22 | bjoern4tel · first_market_sell 100 wood |
| 23:25 | bjoern4tel · first_market_buy 100 food |
| 24:07 | Big_Joe · age_up castle |
| 24:18 | zaxolinchen · first_building Castle |
| 25:40 | Red Leader · first_building Monastery |
| 25:50 | Cyka l'énemie mes frères ! · wall_segment Palisade Wall x4 |
| 26:10 | bjoern4tel · age_up castle |
| 26:44 | bjoern4tel · first_building Krepost |
| 28:43 | Red Leader · first_building Castle |
| 28:55 | bjoern4tel · first_building Monastery |
| 29:02 | Big_Joe · first_building Monastery |
| 30:21 | Red Leader · first_building Barracks |
| 32:21 | Red Leader · age_up imperial |
| 32:28 | Mickador13 · first_market_buy 100 stone |
| 32:40 | Mickador13 · first_building Castle |
| 33:02 | zaxolinchen · age_up imperial |
| 33:08 | Big_Joe · first_building Castle |
| 34:29 | Big_Joe · first_building Siege Workshop |
| 35:18 | Mickador13 · wall_segment Stone Wall x14 |
| 35:27 | Mickador13 · wall_segment Stone Wall x14 |
| 37:07 | Cyka l'énemie mes frères ! · first_building Monastery |
| 37:28 | Big_Joe · age_up imperial |
| 38:40 | bjoern4tel · age_up imperial |
| 39:14 | bjoern4tel · first_building Castle |
| 45:24 | Red Leader · first_building Stable |
| 45:32 | Cyka l'énemie mes frères ! · age_up imperial |
| 45:44 | Red Leader · first_building Archery Range |
| 48:37 | Red Leader · first_market_sell 100 wood |
[ AI ANALYSIS · 1 CREDIT ]
What really happened in this match?
Wolo.gg analyzes every decision: build order, eco, micro, common mistakes by bracket. Personalized analysis on WhatsApp or Discord in 30 seconds.
Civ guide
Bohemians
Perfil
Jugador #23722008